 Dungeon Crawl Stone Soup version 0.27.1-33-g824d729ab1 (webtiles) character file.

Game seed: 10674818156180751195

2925 alasdair19 the Carver (level 9, 0/117 HPs)
             Began as a Minotaur Fighter on Nov 28, 2021.
             Was a Believer of Okawaru.
             Succumbed to a killer bee's poison
             ... on level 7 of the Dungeon.
             The game lasted 00:19:25 (7365 turns).

alasdair19 the Carver (Minotaur Fighter)            Turns: 7365, Time: 00:19:26

Health: 0/117      AC: 24    Str: 23    XL:     9   Next: 50%
Magic:  17/17      EV:  2    Int:  6    God:    Okawaru [**....]
Gold:   245        SH: 11    Dex: 10    Spells: 8/8 levels left

rFire    . . .     SeeInvis .   a - +0 long sword
rCold    . . .     Faith    .   c - +0 kite shield
rNeg     + + +     Spirit   .   (armour currently unavailable)
rPois    +         Reflect  .   (helmet currently unavailable)
rElec    .         Harm     .   (cloak currently unavailable)
rCorr    .         Rampage  .   (gloves currently unavailable)
Will     .....     NoTele   +   (boots currently unavailable)
Stlth    +.........             (no amulet)
HPRegen  0.29/turn              o - ring of positive energy
MPRegen  0.15/turn              w - ring "Sauc" {rN+ MP+9}

@: lethally poisoned (0 -> -1), tree-form
A: stationary, stasis, torment immunity, boosted hp, (horns 2), (retaliatory
headbutt)
a: Renounce Religion, Heroism


You were on level 7 of the Dungeon.
You worshipped Okawaru.
Okawaru was pleased with you.
You were a tree.
You visited 2 branches of the dungeon, and saw 9 of its levels.

You collected 462 gold pieces.
You spent 217 gold pieces at shops.

Inventory:

Hand Weapons
 a - a +0 long sword (weapon)
Missiles
 j - 5 poisoned darts (quivered)
 k - 5 throwing nets
 r - 5 boomerangs
Armour
 b - a +0 scale mail
 c - a +0 kite shield (worn)
 m - a +0 chain mail (melded)
 q - a +0 pair of boots (melded)
 u - a +0 pair of gloves (melded)
Jewellery
 g - a ring of ice
 o - a ring of positive energy (left branch)
 w - the ring "Sauc" (right branch) {rN+ MP+9}
   (You found it on level 6 of the Dungeon)

   [ring of positive energy]

   rN:        It protects you from negative energy.
   MP:        It affects your magic capacity (+9).
Wands
 e - a wand of polymorph (4)
 x - a wand of mindburst (11)
 A - a wand of flame (17)
 E - a wand of iceblast (2)
Scrolls
 f - 3 scrolls of teleportation
 i - 2 scrolls of magic mapping
 n - a scroll of summoning
 t - a scroll of identify
 v - a scroll of silence
 y - a scroll of enchant weapon {unknown}
 B - a scroll of amnesia {unknown}
 C - a scroll of torment {unknown}
 D - a scroll of brand weapon {unknown}
Potions
 d - 2 potions of flight
 h - 3 potions of lignification
 l - 2 potions of haste
 z - a potion of mutation


   Skills:
 + Level 6.8 Fighting
 + Level 9.1 Long Blades
 * Level 5.6 Throwing
 + Level 8.0 Armour
 + Level 7.4 Shields


You had 8 spell levels left.
You didn't know any spells.
Your spell library contained the following spells:

 Spells                   Type           Power      Damage    Failure   Level
 Animate Skeleton         Necr           0%         N/A       78%         1
 Apportation              Tloc           0%         N/A       78%         1
 Corona                   Hex            0%         N/A       78%         1
 Summon Small Mammal      Summ           0%         N/A       78%         1
 Blink                    Tloc           N/A        N/A       89%         2
 Gell's Gravitas          Tloc           0%         N/A       98%         3
 Lesser Beckoning         Tloc           0%         N/A       98%         3
 Ozocubu's Armour         Ice            0%         N/A       98%         3
 Teleport Other           Tloc           0%         N/A       98%         3
 Manifold Assault         Tloc           0%         N/A       100%        5
 Ozocubu's Refrigeration  Ice            0%         4d5       100%        7


Dungeon Overview and Level Annotations

Branches:
Dungeon (8/15)             Temple (1/1) D:6
   Lair: D:8-11

Altars:
Ashenzari
Cheibriados
Dithmenos
Gozag
Kikubaaqudgha
Okawaru
Qazlal
Ru
Trog
Uskayaw
The Shining One

Shops:
D:3 ?   D:6 [

Annotations:
D:3 1 runed translucent door, Crazy Yiuf


Innate Abilities, Weirdness & Mutations

You are a tree.
Your roots penetrate the ground, keeping you stationary.
You cannot be teleported.
You are immune to unholy pain and torment.
Your maximum health is greatly increased.
Your equipment is partially melded.
((You have a pair of horns on your head.))
((You reflexively headbutt those who attack you in melee.))


Message History

The killer bee stings you but does no damage. x2
You closely miss the killer bee.
The killer bee is severely wounded.
You feel sick.
You are no longer poisoned.
The killer bee stings you.
* * * LOW HITPOINT WARNING * * *
You are lethally poisoned!
The killer bee poisons you!
The killer bee stings you but does no damage.
You closely miss the killer bee.
The killer bee is severely wounded.
* * * LOW HITPOINT WARNING * * *
You feel sick. You block the killer bee's attack. x2
The killer bee barely misses you.
You riposte.
You hit the killer bee.
The killer bee is severely wounded.
You completely miss the killer bee.
The killer bee is severely wounded.
* * * LOW HITPOINT WARNING * * *
You feel sick. You block the killer bee's attack.
The killer bee completely misses you.
You hit the killer bee but do no damage.
The killer bee is severely wounded.
* * * LOW HITPOINT WARNING * * *
You feel sick.
The killer bee stings you but does no damage. x2
You hit the killer bee.
The killer bee is almost dead.
* * * LOW HITPOINT WARNING * * *
You feel sick.
The killer bee stings you but does no damage. x2
You miss the killer bee.
The killer bee is almost dead.
* * * LOW HITPOINT WARNING * * *
You feel sick.
The killer bee stings you but does no damage.
You block the killer bee's attack.
You closely miss the killer bee.
The killer bee is almost dead.
You die...

#.[...#.# #######....#....
#.....#.####(÷.............
#............##############
#..<....##..##.............
#..(......>..#.....####..(.
#.......##†#.#...### #....
#.......##y#.#..#######.)..
#........#y#.#..##[......(#
######+#...#♣#(#.###....#...#
#.....[....#.#.#.# #....#...#
#............#.#.# #...##..##
#..........###.#.###.####..#
####......## #.#..........###
#......# #...........###.
#......# #.#.......####..
#..(...# #.#....#### #..#
######## #.#.#### ##..#


You could see 2 killer bees.

Vanquished Creatures
  Pikel (D:4)
  Grinder (D:3)
  2 water moccasins
  A black bear (D:6)
  A sky beast (D:6)
  A necrophage (D:7)
  An ogre (D:5)
  2 centaurs (D:7)
  A gnoll sergeant (D:8)
  A wyvern zombie (D:7)
  4 scorpions
  A water moccasin zombie (D:7)
  4 killer bees (D:7)
  4 howler monkeys
  A centaur zombie (D:7)
  A bullfrog zombie (D:4)
  3 hounds
  A jelly (D:7)
  An orc priest (D:4)
  3 bullfrog skeletons
  A gnoll shaman (D:6)
  A centaur skeleton (D:4)
  Natasha (D:2)
  5 iguanas
  3 orc wizards
  A killer bee zombie (D:7)
  2 adders
  9 gnolls
  A shadow imp (D:7)
  2 white imps
  An ufetubus (D:5)
  3 worms
  2 dart slugs (D:3)
  14 orcs
  4 bats
  3 endoplasms
  3 giant cockroaches
  5 hobgoblins
  3 quokkas
  5 ball pythons
  7 goblins
  2 kobolds
  A rat (D:2)
  A spectral hobgoblin (D:3)
115 creatures vanquished.

Vanquished Creatures (others)
  A fungus (D:3)
  2 withered plants (D:6)
3 creatures vanquished.

Grand Total: 118 creatures vanquished

Notes
Turn   | Place    | Note
-------+----------+-------------------------------------------
     0 | D:1      | alasdair19 the Minotaur Fighter began the quest for the
                  | Orb.
     0 | D:1      | Reached XP level 1. HP: 19/19 MP: 0/0
     3 | D:1      | Noticed a minotaur zombie
     8 | D:1      | Noticed a merfolk zombie
    20 | D:1      | Noticed a minotaur zombie
   621 | D:2      | Reached XP level 2. HP: 27/27 MP: 1/1
  1197 | D:2      | Reached XP level 3. HP: 33/33 MP: 2/2
  1295 | D:2      | Noticed Natasha
  1301 | D:2      | Killed Natasha
  1302 | D:2      | Reached skill level 3 in Long Blades
  1367 | D:3      | Found a stormy altar of Qazlal.
  1394 | D:3      | Reached skill level 1 in Throwing
  1403 | D:3      | Found Tousmot's Magic Scroll Shop.
  1411 | D:3      | Bought a scroll of identify for 28 gold pieces
  1411 | D:3      | Bought a scroll of identify for 28 gold pieces
  1426 | D:3      | Reached XP level 4. HP: 29/40 MP: 3/3
  1916 | D:3      | Found a faded altar of an unknown god.
  1927 | D:3      | Noticed Grinder
  1928 | D:3      | Paralysed by Grinder for 3 turns
  1937 | D:3      | Paralysed by Grinder for 3 turns
  1943 | D:3      | Killed Grinder
  1944 | D:3      | Reached skill level 4 in Long Blades
  1944 | D:3      | Reached skill level 5 in Armour
  1944 | D:3      | Reached XP level 5. HP: 11/47 MP: 4/4
  1944 | D:3      | Reached XP level 6. HP: 12/53 MP: 5/5
  2346 | D:3      | Found a runed translucent door.
  2347 | D:3      | Noticed Crazy Yiuf
  2603 | D:4      | Noticed Pikel
  2620 | D:4      | Killed Pikel
  2621 | D:4      | Reached skill level 5 in Fighting
  2621 | D:4      | Reached skill level 6 in Long Blades
  2621 | D:4      | Reached skill level 5 in Shields
  2621 | D:4      | Reached XP level 7. HP: 22/61 MP: 6/6
  2855 | D:4      | Found an opulent altar of Gozag.
  3503 | D:5      | Entered Level 5 of the Dungeon
  3514 | D:5      | Reached XP level 8. HP: 67/69 MP: 7/7
  3724 | D:3      | Bought 3 scrolls of identify for 84 gold pieces
  3724 | D:3      | Bought a scroll of identify for 28 gold pieces
  4408 | D:6      | Found Muyr Cie's Armour Shop.
  4417 | D:6      | Bought a +0 pair of gloves for 49 gold pieces
  4494 | D:6      | Reached skill level 7 in Long Blades
  4674 | D:6      | Identified the ring "Sauc" {rN+ MP+9}
  5206 | D:6      | Found an ancient bone altar of Kikubaaqudgha.
  5269 | D:6      | Found a staircase to the Ecumenical Temple.
  5275 | Temple   | Entered the Ecumenical Temple
  5281 | Temple   | Became a worshipper of Warmaster Okawaru
  6205 | D:7      | Reached * piety under Okawaru
  6206 | D:7      | Reached skill level 8 in Long Blades
  6206 | D:7      | Reached XP level 9. HP: 66/75 MP: 8/8
  6219 | D:7      | Reached skill level 5 in Throwing
  6689 | D:7      | Reached ** piety under Okawaru
  6932 | D:8      | Reached skill level 9 in Long Blades
  7360 | D:7      | HP: 5/117 [poisoned by a killer bee]
  7362 | D:7      | HP: 2/117 [poisoned by a killer bee]
  7365 | D:7      | Succumbed to a killer bee's poison

Illustrated notes

Levels and vault maps discovered:
D:1:      shiori_arrival_whats_in_store_for_you, layout_basic
D:2:      layout_loops_ring, uniq_natasha
D:3:      layout_rooms, nicolae_qazlal_scattered_showers, serial_shops,
          nicolae_shop_trees, dreamdust_ecumenical_altar_drowned_temple,
          uniq_crazy_yiuf_cottage, uniq_grinder
D:4:      layout_loops_ring, grunt_gozag_statues, uniq_pikel
D:5:      layout_basic
D:6:      layout_layer_cave, kiku_gazebo_garden_becter, temple_fountains,
          serial_shops, shop
D:7:      minmay_recursive_quarters, layout_basic
D:8:      layout_layer_cave, xom_butterflies, nicolae_elemental_shop,
          uniq_maggie
Temple:   eino_narrow_crystal_temple

Skill      XL: |  1  2  3  4  5  6  7  8  9 |
---------------+----------------------------+-----
Armour         | 4 5 6 7 8 |  8.0
Shields        | 4 5 6 7 |  7.4
Fighting       | 4 5 6 |  6.8
Long Blades    | 3 4 6 8 9 |  9.1
Throwing       | 1 2 3 4 5 |  5.6

Action                   |  1- 3 |  4- 6 |  7- 9 || total
-------------------------+-------+-------+-------++-------
Melee: Long sword        |    54 |    59 |   307 ||   420
       Headbutt          |     9 |     8 |    47 ||    64
Throw: Dart              |     5 |     7 |    30 ||    42
       Boomerang         |       |       |     5 ||     5
  Use: Scroll            |     2 |     3 |     8 ||    13
       Potion            |       |     1 |     2 ||     3
Armor: Scale mail        |    14 |       |       ||    14
       Chain mail        |     2 |    22 |   192 ||   216
       Skin              |       |       |    16 ||    16
Dodge: Dodged            |    22 |    10 |    87 ||   119
Block: Kite shield       |    20 |    25 |   186 ||   231
       Rpst.: Long sword |    10 |     4 |    22 ||    36
